 Dungeon Crawl Stone Soup version 0.17-a0-1572-g7a1422d (webtiles) character file.

1016 urechis the Basher (level 8, -7/87 HPs)
             Began as an Ogre Gladiator on July 25, 2015.
             Killed by nerve-wracking pain
             ... invoked by Menkaure
              (9 damage)
             ... on level 5 of the Dungeon.
             The game lasted 00:06:32 (5060 turns).

urechis the Basher (Ogre Gladiator)                 Turns: 5060, Time: 00:06:32

Health: -7/87      AC:  3    Str: 23    XL:     8   Next: 21%
Magic:  8/8        EV: 10    Int:  7    God:
Gold:   161        SH:  0    Dex: 10    Spells: 0 memorised, 7 levels left

rFire  . . .     SeeInvis .     a - +0 flail
rCold  + . .     Clarity  .     y - +0 robe {rC+}
rNeg   . . .     SustAt   .     (no shield)
rPois  +         Gourm    .     c - +0 hat
rElec  .         Spirit   .     (no cloak)
rCorr  .         Warding  .     (gloves unavailable)
rMut   .         Stasis   .     (boots unavailable)
MR     .....                    (no amulet)
Stlth  +.........               (no ring)
                                f - ring of poison resistance

@: flying, not resistant to hostile enchantments, very unstealthy
A: unfitting armour, tough skin 1
a: no special abilities


You were on level 5 of the Dungeon.
You were hungry.

You visited 1 branch of the dungeon, and saw 5 of its levels.
You also visited: Sewer.

You collected 161 gold pieces.

Inventory:

Hand weapons
 a - a +0 flail (weapon)
Missiles
 d - 3 throwing nets (quivered)
 n - 5 large rocks
 r - 7 javelins
 w - 30 poisoned needles
Armour
 c - a +0 hat (worn)
 y - a +0 robe of cold resistance (worn)
Jewellery
 f - a ring of poison resistance (left hand)
Magical devices
 v - a wand of magic darts (9)
Scrolls
 h - 4 scrolls of identify {unknown}
 i - a scroll of amnesia {unknown}
 k - 3 scrolls of recharging {unknown}
 q - a scroll of fear {unknown}
 u - a scroll of enchant weapon {unknown}
 x - 2 scrolls of magic mapping {unknown}
Potions
 g - 2 potions of curing {unknown}
 l - 2 potions of might {unknown}
 m - 3 potions of flight
 o - a potion of lignification {unknown}
 p - a potion of mutation {unknown}
 t - a potion of haste {unknown}
 z - 2 potions of magic {unknown}
Comestibles
 e - 4 bread rations
 j - 3 fruits
 s - a meat ration


   Skills:
 + Level 7.6 Fighting
 * Level 10.5 Maces & Flails
 - Level 2.1 Throwing
 - Level 2.6 Dodging


You had 7 spell levels left.
You didn't know any spells.

Dungeon Overview and Level Annotations

Branches:
Dungeon (5/15)
 Temple: D:4-7

Altars:
Ashenzari
Elyvilon
Fedhas
Nemelex Xobeh
Qazlal
Sif Muna
Vehumet

Annotations:
D:5 Menkaure


Innate Abilities, Weirdness & Mutations

You are too large for most types of armour.
You have tough skin (AC +1).


Message History

You hit Menkaure but do no damage. You hit Menkaure.
Menkaure is lightly damaged.
Menkaure hits you!
You hit Menkaure but do no damage.
Menkaure is lightly damaged.
Menkaure hits you!!
* * * LOW HITPOINT WARNING * * *
Drink which item? (? for menu, Esc to quit)
It was a potion of flight.
You feel very buoyant.
You fly up into the air.
Found a scroll labeled BEFAFE TIARI.
Menkaure points at you and mumbles some strange words.
Pain shoots through your body!
* * * LOW HITPOINT WARNING * * *
You are feeling hungry.
Menkaure gestures at you while chanting.
Pain shoots through your body!
You die...

.. #...##..# ##..
..<##..# ...#
##.##..#
#..##......#
#..#..M.#.#
#####......#.#
...........#.#
.####.....#.#
≈≈≈#@#.....# #.
#≈≈≈≈≈≈#...###
#.##≈#≈#≈≈##..#
.≈≈≈≈≈≈≈≈≈#..#
#≈≈≈≈≈≈#≈≈.## #
##≈#≈≈≈≈#≈.###
.#. ≈≈≈#≈≈#....#
$...###≈≈##≈....#
......##≈#......#


You could see Menkaure.

Vanquished Creatures
  An ogre (D:4)
  6 big kobolds (Sewer)
  The ghost of cireshan the Magician, an average DEFE (D:3)
  A giant frog zombie (D:5)
  A hound (D:4)
  An orc priest (D:4)
  Natasha (D:4)
  2 orc wizards (D:4)
  2 worker ants (D:4)
  4 adders
  4 river rats
  An ooze (D:4)
  7 worms
  3 giant geckos (D:4)
  6 orcs (D:4)
  6 ball pythons
  13 bats
  A bat skeleton (D:4)
  8 giant cockroaches
  14 goblins
  4 hobgoblins
  4 jackals (D:1)
  10 kobolds
  2 quokkas
  4 giant newts
  2 quokka skeletons (D:4)
  19 rats
128 creatures vanquished.

Notes
Turn   | Place    | Note
--------------------------------------------------------------
     0 | D:1      | urechis the Ogre Gladiator began the quest for the Orb.
     0 | D:1      | Reached XP level 1. HP: 22/22 MP: 1/1
    70 | D:1      | HP: 1/22 [jackal (2)]
    71 | D:1      | Reached XP level 2. HP: 1/29 MP: 2/2
   717 | D:1      | Reached XP level 3. HP: 29/37 MP: 3/3
   748 | D:1      | Reached skill level 5 in Maces & Flails
  1298 | D:2      | Found a sparkling altar of Nemelex Xobeh.
  1351 | D:2      | Reached XP level 4. HP: 32/48 MP: 4/4
  1913 | D:3      | Noticed cireshan's ghost (average DEFE)
  1920 | D:3      | Killed cireshan's ghost
  1920 | D:3      | Reached skill level 6 in Maces & Flails
  1920 | D:3      | Reached XP level 5. HP: 39/55 MP: 5/5
  1968 | D:3      | Found a deep blue altar of Sif Muna.
  1968 | D:3      | Found a shattered altar of Ashenzari.
  2421 | D:3      | Found a radiant altar of Vehumet.
  2719 | D:4      | Found a blossoming altar of Fedhas.
  2768 | D:4      | Noticed Natasha
  2772 | D:4      | Killed Natasha
  2772 | D:4      | Reached skill level 5 in Fighting
  2828 | D:4      | Reached skill level 7 in Maces & Flails
  3041 | D:4      | Reached XP level 6. HP: 54/66 MP: 6/6
  3196 | D:4      | Found a white marble altar of Elyvilon.
  3203 | D:4      | Found a stormy altar of Qazlal.
  3321 | D:4      | Found a glowing drain.
  3329 | Sewer    | Entered a sewer
  3495 | Sewer    | Reached skill level 8 in Maces & Flails
  3569 | Sewer    | Reached XP level 7. HP: 27/75 MP: 7/7
  4012 | Sewer    | Reached skill level 9 in Maces & Flails
  4361 | D:4      | Reached skill level 10 in Maces & Flails
  4361 | D:4      | Reached XP level 8. HP: 26/87 MP: 8/8
  5018 | D:5      | Entered Level 5 of the Dungeon
  5043 | D:5      | Noticed Menkaure
  5056 | D:5      | HP: 1/87 [Menkaure/nerve-wracking pain (12)]
  5060 | D:5      | Killed from afar by Menkaure

Vault maps used:
D:1:      lightli_arrival_quake, hex_tiny
D:2:      nemelex_xobeh_ov_fountains_minmay, first_bread
D:3:      vehumet_altar_wand_db, gammafunk_temple_overflow_wave
D:4:      gammafunk_temple_overflow_forgotten, gup_sewer_entry_bubbles,
          uniq_natasha
D:5:      minmay_temple_entry_junction, minivault_4, uniq_menkaure
Sewer:    sewer_co_tree

Action                   |  1- 3 |  4- 6 |  7- 9 || total
-------------------------+-------+-------+-------++-------
Melee: Flail             |   149 |   155 |   163 ||   467
  Use: Potion            |       |       |     1 ||     1
 Stab: Sleeping          |       |     1 |     2 ||     3
  Eat: Chunk             |     1 |     7 |     5 ||    13
       Fruit             |       |       |     1 ||     1
